[Event "Match/Team URS-World 20,5-19,5"]
[Site "Belgrade"]
[Date "1970.03.29"]
[Round "1.1"]
[White "Spassky, Boris Vasilievich"]
[Black "Larsen, Bent"]
[Result "1/2-1/2"]
[ECO "E31"]
[WhiteElo "2670"]
[BlackElo "2650"]
[Annotator "Spassky/Larsen"]
[PlyCount "80"]
[EventDate "1970.03.29"]
[EventType "team"]
[EventRounds "4"]
[EventCountry "YUG"]
[SourceTitle "MCL"]
[Source "ChessBase"]
[SourceDate "1999.07.01"]
[SourceVersion "1"]
[SourceVersionDate "1999.07.01"]
[SourceQuality "1"]
[WhiteTeam "Soviet Union"]
[BlackTeam "World"]
[WhiteTeamCountry "URS"]
[TimeControl "40/9000:16/5400:0"]

1. d4 Nf6 2. c4 e6 3. Nc3 Bb4 4. Bg5 c5 5. d5 Bxc3+ (5... h6 6. Bh4 O-O {
Mititelu-Larsen/Reykjavik/}) 6. bxc3 e5 7. Nf3 (7. d6 $5 {Spassky}) 7... d6 (
7... Qa5 {Larsen}) (7... h6 8. Bh4 e4 9. Nd2 e3 {Larsen}) 8. Nd2 $1 {Spassky}
h6 9. Bh4 Nbd7 10. e3 Nf8 11. Bd3 Ng6 12. Bg3 O-O (12... Ne7 $142 {Larsen}) 13.
O-O Ne7 14. f4 $1 {Spassky} exf4 15. Rxf4 (15. exf4 Bf5 $14 {Larsen} (15... Nf5
16. Bxf5 Bxf5 17. Bh4 $16)) 15... Ng6 16. Rxf6 $5 {Larsen/Spassky} (16. Bxg6
fxg6 $10 {Larsen}) 16... Qxf6 17. Ne4 Qd8 $1 {Spassky} 18. Nxd6 (18. Bxd6 f5 {
Larsen/Spassky}) 18... Qg5 $1 {Larsen/Spassky} (18... f5 19. Qh5 $1 Qg5 20.
Qxg5 hxg5 21. Rf1 Ne7 22. Nxc8 Raxc8 23. Bd6 {Larsen}) 19. Qd2 b6 20. Ne4 (20.
Bxg6 Qxg6 21. e4 {Spassky}) (20. Rf1 Ne5 {Larsen}) 20... Qd8 21. Rf1 (21. Bd6
$2 f5 {Larsen}) 21... f5 22. Nd6 f4 23. exf4 (23. Nxc8 $2 fxg3 {Larsen}) (23.
Bxg6 $2 Qxd6 {Larsen}) 23... Qxd6 24. f5 Qd8 (24... Ne5 25. Qe3 (25. Qe2 Re8
26. Re1 {Larsen}) 25... Re8 26. f6 $40 {Spassky}) 25. fxg6 Rxf1+ 26. Kxf1 Qf6+
27. Qf4 Bd7 28. Ke2 $1 {Spassky} Rf8 (28... Re8+ 29. Kd2 {Larsen}) 29. Qxf6
gxf6 30. Kf3 Re8 (30... h5 $142 {Larsen}) 31. Bf2 (31. Bf4 $1 {Spassky}) 31...
h5 32. h3 Kg7 33. g4 (33. Kf4 Re7 34. Bf5 Ba4 35. d6 Re2 36. Be3 Re1 {Larsen})
33... hxg4+ 34. hxg4 Rh8 35. d6 (35. Bg3 $142 {Spassky}) 35... Rh1 (35... Bc6+
$142 36. Ke2 Be8 {Spassky}) 36. Bf5 Bc6+ 37. Ke2 Rh3 (37... Ra1 $10 {Larsen}) (
37... Rh2 $10 {Larsen}) 38. d7 (38. Be3 Rh2+ 39. Kd3 Rh3 $10 {Larsen}) 38...
Rh8 39. Bg3 Rd8 40. Bc7 (40. g5 Bxd7 41. gxf6+ Kxf6 42. Bh4+ Kxf5 43. Bxd8 Kxg6
44. Bc7 Be6 $10 {Larsen}) 40... Rxd7 1/2-1/2